 Dungeon Crawl Stone Soup version 0.31-a0-188-g5e087ee2ca (webtiles) character file.

Game seed: 1507877870686438054

96 qw the Shooter (level 4, -8/25 HPs)
             Began as a Deep Elf Hunter on June 23, 2023.
             Mangled by an ogre
             ... wielding a +0 giant club
              (33 damage)
             ... on level 3 of the Dungeon.
             The game lasted 00:00:36 (1788 turns).

qw the Shooter (Deep Elf Hunter)                    Turns: 1788, Time: 00:00:36

Health: -8/25      AC:  7    Str: 10    XL:     4   Next: 41%
Magic:  6/6        EV: 11    Int: 14    God:
Gold:   109        SH:  0    Dex: 18    Spells: 3/3 levels left

rFire   + . .        Y - +0 shortbow
rCold   . . .        (shield currently unavailable)
rNeg    . . .        c - +2 ring mail {rF+}
rPois   .            (no helmet)
rElec   .            (no cloak)
rCorr   .            (no gloves)
SInv    .            (no boots)
Will    .....        (no amulet)
Stlth   +            (no ring)
HPRegen 0.24/turn    (no ring)
MPRegen 0.10/turn

%: no passive effects
@: no status effects
A: no striking features
a: no special abilities


You were on level 3 of the Dungeon.
You visited 1 branch of the dungeon, and saw 3 of its levels.

You collected 109 gold pieces.


   Skills:
 - Level 1.5 Fighting
 + Level 7.8 Ranged Weapons
 - Level 2.4 Dodging
 - Level 1.2 Stealth


You had 3 spell levels left.
You didn't know any spells.
Your spell library was empty.

Inventory:

Hand Weapons
 Y - a +0 shortbow (weapon)
Armour
 c - a +2 ring mail of fire resistance (worn)
Jewellery
 h - a ring of ice
Scrolls
 a - a scroll of identify
 b - a scroll of enchant weapon {unknown}
Potions
 e - 2 potions of heal wounds
 f - a potion of lignification {unknown}
 g - a potion of cancellation {unknown}
 i - a potion of curing {unknown}

Dungeon Overview and Level Annotations

Branches:
Dungeon (3/15)

Altars:
Ashenzari

Shops:
D:1 (


Message History

You shoot an arrow. The arrow hits the adder.
You kill the adder!
A rat comes into view.
You see here a scroll labelled HASYRALURU.
You shoot an arrow. The arrow hits the rat.
The rat is severely wounded.
You shoot an arrow. The arrow hits the rat.
You kill the rat!
b - a scroll labelled HASYRALURU An adder comes into view.
You shoot an arrow. The arrow hits the adder.
The adder hisses angrily.
The adder is moderately wounded.
You shoot an arrow. The arrow hits the adder!
The adder is almost dead.
A ball python comes into view.
You shoot an arrow. The ball python hisses angrily.
The arrow hits the adder.
You kill the adder!
You shoot an arrow. The arrow hits the ball python.
The ball python is severely wounded.
You shoot an arrow. The arrow hits the ball python!
You kill the ball python!
You see here a rat corpse.
Found a broken altar of Ashenzari.
An ogre comes into view. It is wielding a +0 giant club.
You shoot an arrow. The arrow hits the ogre.
The ogre is moderately wounded.
You shoot an arrow. The arrow hits the ogre!
The ogre is heavily wounded.
You shoot an arrow. The arrow closely misses the ogre.
You shoot an arrow. The arrow hits the ogre.
The ogre is severely wounded.
You shoot an arrow. The arrow hits the ogre.
The ogre is severely wounded.
You shoot an arrow. The arrow barely misses the ogre.
The ogre hits you with a +0 giant club!!
Ouch! That really hurt!
You die...

### ####### ..
#.....## .# ## ###
#.###..##.#...##
..# #.#
##..@O.._... #.#
##.## ###.##...#.
#.###...#####.# ##
#.##..#.....#.#
####.##....#####..
...........#######
..%............
####.#.........
####.#....#.#...


You could see an ogre.

Vanquished Creatures
  5 adders
  3 worms (D:2)
  3 endoplasms
  4 giant cockroaches (D:2)
  5 goblins
  2 hobgoblins
  9 ball pythons
  2 bats (D:2)
  3 frilled lizards (D:2)
  4 kobolds
  7 rats
47 creatures vanquished.

Notes
Turn   | Place    | Note
-------+----------+-------------------------------------------
     0 | D:1      | qw the Deep Elf Hunter began the quest for the Orb.
     0 | D:1      | Reached XP level 1. HP: 12/12 MP: 3/3
     0 | D:1      | 0 ||| qw: Version: 0.3-a-9-g12657ce
     0 | D:1      | 0 ||| qw: Game counter: 3796
     0 | D:1      | 0 ||| qw: Always use a shield: true
     0 | D:1      | 0 ||| qw: God list: Okawaru
     0 | D:1      | 0 ||| qw: Allow faded altars: false
     0 | D:1      | 0 ||| qw: Do Orc after D:15 true
     0 | D:1      | 0 ||| qw: Do second Lair branch before Depths: true
     0 | D:1      | 0 ||| qw: Lair rune preference: random
     0 | D:1      | 0 ||| qw: Plans: Normal
     0 | D:1      | 0 ||| PLANNING D:1-11
   357 | D:1      | Reached skill level 6 in Ranged Weapons
   357 | D:1      | Reached XP level 2. HP: 16/16 MP: 4/4
   490 | D:1      | Found a faded altar of an unknown god.
   491 | D:1      | Found Aguenkaf's Weapon Shop.
   705 | D:1      | 705 ||| UPGRADING to +0 ring mail.
   715 | D:1      | 715 ||| DROPPING +0 leather armour.
   716 | D:1      | 716 ||| DROPPING scroll of butterflies.
   879 | D:2      | Reached XP level 3. HP: 20/20 MP: 5/5
  1106 | D:2      | Reached skill level 7 in Ranged Weapons
  1307 | D:2      | HP: 4/20 [poisoned by an adder]
  1310 | D:2      | Reached XP level 4. HP: 4/25 MP: 6/6
  1312 | D:2      | HP: 1/25 [poisoned by an adder]
  1679 | D:2      | 1679 ||| UPGRADING to +2 ring mail of fire resistance.
  1689 | D:2      | 1689 ||| DROPPING +0 ring mail.
  1690 | D:2      | 1690 ||| READING 3 scrolls labelled AFAUSE ONLYBA.
  1691 | D:2      | 1691 ||| READING scroll labelled TUIKOK RUOPTO.
  1692 | D:2      | 1692 ||| READING 2 scrolls of identify.
  1692 | D:2      | 1692 ||| IDENTIFYING pink potion
  1778 | D:3      | Found a broken altar of Ashenzari.
  1782 | D:3      | Noticed an ogre
  1788 | D:3      | Mangled by an ogre

Levels and vault maps discovered:
D:1:      dpeg_arrival_ratfight, layout_basic, serial_shops, shop,
          basic_ecumenical_altar, minmay_misc_feat_more_columns,
          chequers_serial_rivers_micro_c, minmay_pentomino_w2
D:2:      minmay_evil_eye, layout_basic, chequers_serial_rivers_large_a,
          kennysheep_nub, grunt_decor_arrowhead
D:3:      layout_loops_ring, mainiacjoe_overflow_boulevard,
          nicolae_overflow_crystal_walls, uniq_jessica

Skill      XL: |  1  2  3 |
---------------+----------+-----
Ranged Weapons | 6 7 |  7.8
Fighting       | |  1.5
Dodging        | |  2.4
Stealth        | |  1.2

Action                     |  1- 3 |  4- 6 || total
---------------------------+-------+-------++-------
   Fire: Shortbow          |   122 |    24 ||   146
    Use: Scroll            |       |     3 ||     3
 Armour: Ring mail         |    17 |     2 ||    19
  Dodge: Dodged            |    32 |     1 ||    33

Table legend:
 A = Non-vault XP
 B = Vault XP
 C = Vault XP percentage of total XP
 D = Non-vault monster count
 E = Vault monster count
 F = Vault count percentage of total count
                 A         B        C        D         E       F
            +---------+---------+-------+---------+---------+-------
      Total |     120 |      18 |  13.0 |      35 |      12 |  25.5
            +---------+---------+-------+---------+---------+-------
        D:1 |      14 |       6 |  30.0 |       9 |       6 |  40.0
        D:2 |      76 |      12 |  13.6 |      21 |       6 |  22.2
        D:3 |      30 |       0 |   0.0 |       5 |       0 |   0.0
            +---------+---------+-------+---------+---------+-------
